 Dungeon Crawl Stone Soup version 0.17-a0-1636-g3119f2b (webtiles) character file.

160 urechis the Grave Robber (level 5, 0/24 HPs)
             Began as a Vine Stalker Necromancer on Aug 6, 2015.
             Succumbed to a water moccasin's poison
             ... on level 3 of the Dungeon.
             The game lasted 00:09:51 (2129 turns).

urechis the Grave Robber (Vine Stalker Necromancer) Turns: 2129, Time: 00:09:51

Health: 0/24       AC:  4    Str: 10      XL:     5   Next: 41%
Magic:  0/9        EV: 12    Int: 14 (16) God:
Gold:   66         SH:  0    Dex: 15      Spells: 3 memorised, 3 levels left

rFire  . . .     SeeInvis .     d - +0 spear
rCold  . . .     Clarity  .     a - +0 robe
rNeg   . . .     SustAt   .     (no shield)
rPois  .         Gourm    .     p - +0 helmet
rElec  .         Spirit   +     (no cloak)
rCorr  .         Warding  .     (no gloves)
rMut   .         Stasis   .     h - +0 pair of boots
MR     .....                    (no amulet)
Stlth  ++........               (no ring)
                                t - ring of wizardry

@: lethally poisoned (0 -> -6), not resistant to hostile enchantments,
unstealthy
A: fangs 2, regeneration 1, magic shield, antimagic bite, no device heal 3, rot
immunity
a: no special abilities


You were on level 3 of the Dungeon.
You were not hungry.

You visited 1 branch of the dungeon, and saw 3 of its levels.

You collected 66 gold pieces.

Inventory:

Hand weapons
 d - a +0 spear (weapon)
Armour
 a - a +0 robe (worn)
 h - a +0 pair of boots (worn)
 p - a +0 helmet (worn)
Jewellery
 t - a ring of wizardry (left hand)
Scrolls
 g - 5 scrolls of identify {unknown}
 i - a scroll of enchant armour {unknown}
 j - a scroll of immolation {unknown}
 k - a scroll of fear {unknown}
 o - a scroll of remove curse {unknown}
 u - a scroll of teleportation {unknown}
Potions
 n - a potion of lignification {unknown}
 r - a potion of invisibility {unknown}
 s - a potion of magic {unknown}
Books
 b - a book of Necromancy

   Spells                             Type                      Level
   a - Pain                           Necromancy                   1
   b - Animate Skeleton               Necromancy                   1
   c - Vampiric Draining              Necromancy                   3
   d - Regeneration                   Charms/Necromancy            3
   e - Animate Dead                   Necromancy                   4
   f - Control Undead                 Necromancy                   4
Comestibles
 c - 4 bread rations
 f - a slice of pizza
 q - 3 chunks of flesh
 v - a beef jerky


   Skills:
 - Level 1.5 Dodging
 - Level 2.4 Stealth
 - Level 2.1 Spellcasting
 + Level 6.5 Necromancy


You had 3 spell levels left.
You knew the following spells:

 Your Spells              Type           Power        Failure   Level  Hunger
a - Pain                  Necr           ###.         1%          1    #......
b - Animate Skeleton      Necr           N/A          1%          1    #......
c - Vampiric Draining     Necr           ###.......   2%          3    ###....


Dungeon Overview and Level Annotations

Branches:
Dungeon (3/15)

Altars:
Xom


Innate Abilities, Weirdness & Mutations

You have extremely sharp teeth.
Your natural rate of healing is unusually fast.
When hurt, damage is shared between your health and your magic reserves.
Your bite disrupts and absorbs the magic of your enemies.
Potions and wands cannot restore your health.
You are immune to rotting.


Message History

Aim: a water moccasin (severely wounded, chance to defeat MR: 81%)
The water moccasin convulses in agony!
* * * LOW HITPOINT WARNING * * *
You feel sick. The water moccasin bites you.
* * * LOW HITPOINT WARNING * * *
The water moccasin bites you but does no damage.
Drink which item? (? for menu, Esc to quit)
It was a potion of heal wounds.
That seemed strangely inert.
* * * LOW HITPOINT WARNING * * *
You feel sick. The water moccasin closely misses you.
Drink which item? (? for menu, Esc to quit)
It was a potion of curing.
You feel better. The water moccasin bites you.
* * * LOW HITPOINT WARNING * * *
You are lethally poisoned!
The water moccasin poisons you!
Drink which item? (? for menu, Esc to quit)
It was a potion of degeneration.
There was something very wrong with that liquid.
You feel dopey.
You die...

...≈≈≈≈≈≈≈≈≈≈≈≈#####≈
...≈≈≈≈≈≈≈≈≈≈≈≈≈≈≈≈≈≈
...≈≈≈≈≈≈≈≈≈≈Z≈≈≈≈≈≈≈
.....................
.............)#######
............#....#
###............#.#
<##............#.#
.##............#@#
.##............#S#
.##............#.#
Z##†......)....#.#
.##............#........
).'............#######.#
#.############.+ ...# #
...#


You could see a water moccasin.

Vanquished Creatures
  Terence (D:3)
  Robin (D:2)
  A gnoll (D:3)
  4 adders
  A ball python (D:1)
  A giant cockroach (D:1)
  10 hobgoblins
  6 jackals
  8 kobolds
  5 bats
  2 giant newts
  14 goblins
  6 rats
60 creatures vanquished.

Vanquished Creatures (collateral kills)
  An adder (D:2)
  A giant gecko (D:2)
  5 hobgoblins
  A jackal (D:2)
  A bat (D:1)
  A giant cockroach (D:1)
  2 giant newts (D:1)
  2 goblins (D:2)
  A kobold (D:3)
  A rat (D:2)
16 creatures vanquished.

Grand Total: 76 creatures vanquished

Notes
Turn   | Place    | Note
--------------------------------------------------------------
     0 | D:1      | urechis the Vine Stalker Necromancer began the quest for the Orb.
     0 | D:1      | Reached XP level 1. HP: 9/9 MP: 4/4
     7 | D:1      | Learned a level 1 spell: Animate Skeleton
   113 | D:1      | Reached XP level 2. HP: 10/13 MP: 4/6
   283 | D:1      | Reached XP level 3. HP: 16/16 MP: 5/7
   533 | D:1      | Reached skill level 5 in Necromancy
   815 | D:2      | Noticed Robin
   841 | D:2      | Reached XP level 4. HP: 19/21 MP: 4/8
  1041 | D:2      | Killed Robin
  1192 | D:2      | Found a faded altar to an unknown god.
  1218 | D:2      | Reached skill level 6 in Necromancy
  1225 | D:2      | Your ally Robin died
  1447 | D:2      | Found a shimmering altar of Xom.
  1969 | D:3      | Noticed Terence
  1974 | D:3      | Killed Terence
  1974 | D:3      | Reached XP level 5. HP: 17/24 MP: 3/9
  2097 | D:3      | Learned a level 3 spell: Vampiric Draining
  2101 | D:3      | Your ally Terence died
  2117 | D:3      | Noticed a water moccasin
  2128 | D:3      | HP: 1/24 [water moccasin (2)]
  2129 | D:3      | Succumbed to a water moccasin's poison

Vault maps used:
D:1:      scummos_arrival_simple_crosswalls, amethyst_killhole,
          minmay_misc_feat_cross, wad_floor_pattern_untrapped
D:2:      xom_teletrap_fun, ecumenical_altar_2, uniq_robin
D:3:      lemuel_castle_with_subvaults, grunt_temple_overflow_holy_war,
          portal_sewer_entry_a, tso_metal_star, uniq_terence

Action                   |  1- 3 |  4- 6 || total
-------------------------+-------+-------++-------
Melee: Club              |    13 |       ||    13
       Unarmed           |     6 |       ||     6
       Short sword       |    43 |     1 ||    44
       Spear             |       |    40 ||    40
 Cast: Pain              |    25 |    36 ||    61
       Animate Skeleton  |    15 |    10 ||    25
  Use: Potion            |       |     3 ||     3
 Stab: Sleeping          |     6 |     3 ||     9
  Eat: Chunk             |       |     5 ||     5
